 Dungeon Crawl Stone Soup version 0.16-a0-328-gfd822c7 (webtiles) character file.

211 Ratboiler the Insei (level 5, -8/33 HPs)
             Began as an Octopode Transmuter on Sept 6, 2014.
             Was an Initiate of Gozag.
             Killed from afar by Prince Ribbit the fire drake (25 damage)
             ... with a blast of flame
             ... on Level 4 of the Dungeon.
             The game lasted 00:08:57 (3640 turns).

Ratboiler the Insei (Octopode Transmuter)           Turns: 3640, Time: 00:08:57

HP  -8/33        AC  1     Str  9      XL: 5   Next: 88%
MP   1/9         EV 12     Int 15      God: Gozag
Gold 110         SH  0     Dex 14      Spells:  3 memorised,  2 levels left

rFire  . . .     SeeInvis .     b - 16 arrows
rCold  . . .     Clarity  .     (no shield)
rNeg   . . .     rCorr    .     (helmet restricted)
rPois  .         rRot     .     (no amulet)
rElec  .         Spirit   .     (no ring)
SustAb .         Warding  .     (no ring)
rMut   .         Stasis   .     (no ring)
Gourm  .                        (no ring)
MR     .....                    (no ring)
                                (no ring)
                                (no ring)
                                (no ring)

@: very slightly contaminated, not resistant to hostile enchantments, unstealthy
A: almost no armour, amphibious, 8 rings, constrict 8, camouflage 1, gelatinous
body 1
a: Potion Petition, Call Merchant, Bribe Branch, Renounce Religion


You were on level 4 of the Dungeon.
You worshipped Gozag.
Gozag was noncommittal.
You were near starving.

You visited 1 branch of the dungeon, and saw 4 of its levels.

You collected 212 gold pieces.
You paid 102 gold pieces to Gozag.

Inventory:

Hand weapons
 a - a +2 dagger of draining
Missiles
 b - 16 arrows (in tentacle)
 j - 13 poisoned needles
Magical devices
 l - a wand of polymorph (5)
Comestibles
 e - 10 bread rations
 f - 2 meat rations
 u - 2 beef jerkies
Scrolls
 h - a scroll of recharging {unknown}
 k - 2 scrolls of immolation {unknown}
 o - a scroll of fog {unknown}
 p - 2 scrolls of random uselessness {unknown}
 q - a scroll of fear {unknown}
 r - a scroll of identify {unknown}
Jewellery
 i - an uncursed amulet of guardian spirit
Potions
 c - a potion of cure mutation {unknown}
 g - a potion of agility {unknown}
 m - a potion of resistance {unknown}
 n - a potion of lignification {unknown}
 t - a potion of heal wounds {unknown}
Books
 d - a book of Changes

   Spells                             Type                      Level
   *Beastly Appendage                 Transmutation                1
   *Sticks to Snakes                  Transmutation                2
   *Spider Form                       Transmutation/Poison         3
   Ice Form                           Ice/Transmutation            4
   Blade Hands                        Transmutation                5


   Skills:
 - Level 1.0 Fighting
 - Level 2.0 Dodging
 + Level 5.0 Unarmed Combat
 - Level 2.0 Spellcasting
 + Level 4.2 Transmutations


You had 2 spell levels left.
You knew the following spells:

 Your Spells              Type           Power        Failure   Level  Hunger
a - Beastly Appendage     Trmt           ##....       4%          1    #......
b - Sticks to Snakes      Trmt           ##........   8%          2    ###....
c - Spider Form           Trmt/Pois      #.........   30%         3    ####...


Dungeon Overview and Level Annotations

Branches:
Dungeon (4/15)
 Temple: D:4-7

Altars:
Dithmenos
Fedhas
Gozag
Okawaru
Xom

Annotations:
D:4 Prince Ribbit


Innate Abilities, Weirdness & Mutations

You cannot wear most types of armour.
You are amphibious.
You can wear up to eight rings at the same time.
You can use your tentacles to constrict many enemies at once.
Your skin changes colour to match your surroundings (Stealth).
Your rubbery body absorbs attacks (AC +1).


Message History

Prince Ribbit struggles to escape constriction.
Your ball python bites Prince Ribbit. x2
Your ball python constricts Prince Ribbit.
Your ball python bites Prince Ribbit.
Prince Ribbit escapes!
There is an escape hatch in the ceiling here.
Evoke which item? (* to show all) (? for menu, Esc to quit)
Zapping:
l - a wand of polymorph {zapped: 1}
Press: ? - help, Shift-Dir - straight line, f - Prince Ribbit
Aim: Prince Ribbit (heavily wounded) Prince Ribbit evaporates and reforms as a fire drake!
Evoke which item? (* to show all) (? for menu, Esc to quit)
Zapping:
l - a wand of polymorph {zapped: 2}
Press: ? - help, Shift-Dir - straight line, f/p - Prince Ribbit
Aim: Prince Ribbit the fire drake Prince Ribbit resists.
Prince Ribbit breathes flames at you. The blast of flame hits you!
Ouch! That really hurt!
You die...
Your body crumbles into a pile of gold.

.....# .....######
....)....... .....######
.(..######################..
##..........................#
........)..........S.........
##.#############..kS.)......#
................@...........
#.##############...........#
)...........................
..#########################
..################
..............>..#
.................#
###############..#
.)............#..#


You could see Prince Ribbit the fire drake and 2 friendly ball pythons.

Vanquished Creatures
  A scorpion (D:4)
  An orc priest (D:3)
  3 gnolls (D:3)
  2 adders
  A worm (D:1)
  A giant gecko (D:1)
  An ooze (D:3)
  15 orcs
  7 bats
  2 giant cockroaches (D:3)
  6 goblins
  6 hobgoblins
  4 jackals (D:3)
  7 kobolds
  2 quokkas
  2 giant newts
  5 rats
66 creatures vanquished.

Notes
Turn   | Place    | Note
--------------------------------------------------------------
     0 | D:1      | Ratboiler, the Octopode Transmuter, began the quest for the Orb.
     0 | D:1      | Reached XP level 1. HP: 13/13 MP: 3/3
   343 | D:1      | Reached XP level 2. HP: 18/18 MP: 2/4
   347 | D:1      | Learned a level 2 spell: Sticks to Snakes
  1142 | D:2      | Found a blossoming altar of Fedhas.
  1416 | D:2      | Reached XP level 3. HP: 23/23 MP: 6/6
  1421 | D:2      | Learned a level 3 spell: Spider Form
  1436 | D:2      | Found a blossoming altar of Fedhas.
  1517 | D:3      | Reached skill level 4 in Unarmed Combat
  1517 | D:3      | Reached XP level 4. HP: 28/28 MP: 4/7
  1549 | D:3      | Found an iron altar of Okawaru.
  2043 | D:3      | Found a shadowy altar of Dithmenos.
  2417 | D:3      | Reached XP level 5. HP: 29/33 MP: 9/9
  2665 | D:3      | Found a shimmering altar of Xom.
  3184 | D:4      | Found an opulent altar of Gozag.
  3190 | D:4      | Became a worshipper of Gozag Ym Sagoz the Greedy
  3395 | D:4      | Reached skill level 5 in Unarmed Combat
  3450 | D:4      | Noticed Prince Ribbit
  3639 | D:4      | Noticed Prince Ribbit
  3639 | D:4      | Prince Ribbit changed into Prince Ribbit the fire drake
  3640 | D:4      | Killed from afar by Prince Ribbit the fire drake

Action                   |  1- 3 |  4- 6 || total
-------------------------+-------+-------++-------
Melee: Unarmed           |    42 |   121 ||   163
       Dagger            |     3 |       ||     3
 Cast: Beastly Appendage |     4 |    11 ||    15
       Spider Form       |     1 |     2 ||     3
       Sticks to Snakes  |       |     7 ||     7
Evoke: Wand              |     1 |     2 ||     3
 Stab: Sleeping          |     2 |       ||     2
  Eat: Chunk             |     1 |     7 ||     8
